 Dungeon Crawl Stone Soup version 0.21.1-1-g345015fe64 (webtiles) character file.

1286 Oravi the Insei (level 8, -1/54 HPs)
             Began as a Merfolk Transmuter on Apr 30, 2018.
             Was a Follower of Okawaru.
             Slain by a wight
             ... wielding a +0 spear
              (2 damage)
             ... on level 6 of the Dungeon on May 1, 2018.
             The game lasted 00:29:42 (5592 turns).

Oravi the Insei (Merfolk Transmuter)                Turns: 5592, Time: 00:29:43

Health: -1/54      AC:  2    Str: 14    XL:     8   Next: 55%
Magic:  3/9        EV: 24    Int: 19    God:    Okawaru [*.....]
Gold:   215        SH:  0    Dex: 19    Spells: 5/11 levels left

rFire    . . .     SeeInvis .     - Unarmed
rCold    . . .     Gourm    .   (shield currently unavailable)
rNeg     . . .     Faith    .   (armour currently unavailable)
rPois    x         Spirit   .   (helmet currently unavailable)
rElec    .         Reflect  .   (cloak currently unavailable)
rCorr    .         Harm     .   (gloves currently unavailable)
MR       .....                  (boots currently unavailable)
Stlth    ++........             (no amulet)
HPRegen  0.18/turn              m - +3 ring of intelligence
MPRegen  0.11/turn              l - +3 ring of strength

@: spider-form, vulnerable, berserk cooldown, very slightly contaminated,
slowed, heavily drained, very slow
A: tiny, (change form in water), (swift swim), (stealthy swim), clever 1, low mp
1, magic resistance 1
a: End Transformation, Heroism, Renounce Religion


You were on level 6 of the Dungeon.
You worshipped Okawaru.
Okawaru was aware of your devotion.
You were not hungry.
You were a venomous arachnid creature.
You visited 2 branches of the dungeon, and saw 7 of its levels.

You collected 215 gold pieces.

Inventory:

Missiles
 a - 77 arrows
 e - 297 stones
 p - 8 tomahawks
 y - a throwing net (quivered)
Armour
 b - a +0 robe (melded)
 j - a +2 helmet (melded)
Jewellery
 l - a +3 ring of strength (right front leg)
 m - a +3 ring of intelligence (left front leg)
 u - an uncursed ring of see invisible
 w - a +5 amulet of reflection {unknown}
Wands
 n - a wand of iceblast (11)
 o - a wand of random effects (6)
 q - a wand of flame (22)
Scrolls
 h - 3 scrolls of identify
 i - a scroll of remove curse
Potions
 g - 3 potions of mutation
 k - 5 potions of haste
 A - a potion of might {unknown}
Books
 c - a book of Changes

   Spells                             Type                      Level
   a - Beastly Appendage              Transmutation                1
   b - Sticks to Snakes               Transmutation                2
   c - Spider Form                    Transmutation/Poison         3
   d - Ice Form                       Ice/Transmutation            4
   e - Blade Hands                    Transmutation                5
 r - a book of Maledictions

   Spells                             Type                      Level
   a - Corona                         Hexes                        1
   b - Ensorcelled Hibernation        Hexes/Ice                    2
   c - Confuse                        Hexes                        3
   d - Tukima's Dance                 Hexes                        3
   e - Dazzling Spray                 Conjuration/Hexes            3
Comestibles
 d - 13 rations


   Skills:
 - Level 1.1(0.0) Fighting
 + Level 7.2(5.2) Dodging
 + Level 7.5(5.5) Unarmed Combat
 - Level 2.0(0.2) Spellcasting
 - Level 7.3(5.3) Transmutations
 - Level 3.1(1.3) Poison Magic


You had 5 spell levels left.
You knew the following spells:

 Your Spells              Type           Power        Failure   Level  Hunger
a - Beastly Appendage     Tmut           ###...       9%          1    ##.....
b - Sticks to Snakes      Tmut           ###.....     12%         2    ###....
c - Spider Form           Tmut/Pois      ##........   34%         3    ####...


Dungeon Overview and Level Annotations

Branches:
Dungeon (6/15)             Temple (1/1) D:4

Altars:
Ashenzari
Cheibriados
Elyvilon
Fedhas
Hepliaklqana
Kikubaaqudgha
Makhleb
Nemelex Xobeh
Okawaru
Qazlal
Ru
Sif Muna
Trog
Uskayaw
Wu Jian
Xom
Yredelemnul
Zin
The Shining One

Shops:
D:6 =


Innate Abilities, Weirdness & Mutations

((You revert to your normal form in water.))
((You are very nimble and swift while swimming.))
((You are very stealthy in the water. (Stealth+)))
Your mind is acute. (Int +2)
Your magical capacity is low. (-10% MP)
You are resistant to hostile enchantments. (MR+)


Message History

You feel your anger nearly subside.
Your transformation has ended.
Your +2 helmet unmelds from your body.
Your +0 robe unmelds from your body.
You are no longer berserk.
You are exhausted.
You feel yourself slow down.
Casting: Spider Form
Confirm with . or Enter, or press ? or * to list all spells.
You miscast Spider Form.
You are very lightly contaminated with residual magic.
You feel sick. The wight hits you but does no damage.
The wight barely misses you.
Casting: Spider Form
Confirm with . or Enter, or press ? or * to list all spells.
You turn into a venomous arachnid creature.
Your +2 helmet melds into your body.
Your +0 robe melds into your body.
The wight misses you. The wight hits you with a spear.
* * * LOW HITPOINT WARNING * * *
You feel drained.
You die...

##.##.##.#
#......... #
########..##.....
. ...o..ooY.#
#....
#.#.#####.#)# ...
#.#. ##.#.# . ...
#.z).#
#.####z.######
#..sz5oo.......
######Y.#######
#..... #.#####
#.# #.. ..# ..#


You could see an ice beast, 2 wights, a shadow imp and 2 orcs.

Vanquished Creatures
  Sigmund (D:3)
  An ice beast (D:5)
  4 ogres
  2 wights (D:6)
  3 orc wizards
  A gnoll shaman (D:4)
  2 orc priests
  An iguana (D:4)
  2 worker ants
  Robin (D:1)
  8 gnolls
  6 adders
  An ooze (D:1)
  An adder skeleton (D:5)
  5 worms
  6 dart slugs
  3 leopard geckos
  11 orcs
  2 ball pythons (D:2)
  6 bats
  6 giant cockroaches
  12 goblins
  16 hobgoblins
  5 jackals
  8 kobolds
  8 quokkas
  3 frilled lizards (D:1)
  7 rats
132 creatures vanquished.

Vanquished Creatures (collateral kills)
  A phantom (D:4)
1 creature vanquished.

Grand Total: 133 creatures vanquished

Notes
Turn   | Place    | Note
-------+----------+-------------------------------------------
     0 | D:1      | Oravi the Merfolk Transmuter began the quest for the Orb.
     0 | D:1      | Reached XP level 1. HP: 15/15 MP: 3/3
    69 | D:1      | Found a shattered altar of Ashenzari.
   138 | D:1      | Reached XP level 2. HP: 6/21 MP: 3/5
   595 | D:1      | Reached XP level 3. HP: 8/26 MP: 4/6
   599 | D:1      | Learned a level 2 spell: Sticks to Snakes
   603 | D:1      | Learned a level 3 spell: Spider Form
  1017 | D:2      | Noticed Robin
  1330 | D:1      | Reached XP level 4. HP: 16/32 MP: 3/7
  1503 | D:1      | Killed Robin
  1503 | D:1      | Reached skill level 5 in Transmutations
  1693 | D:2      | Reached skill level 1 in Poison Magic
  1767 | D:2      | Reached XP level 5. HP: 25/37 MP: 4/8
  2038 | D:2      | Gained mutation: Your mind is acute. (Int +2) [potion of mutation]
  2038 | D:2      | Gained mutation: Your magical capacity is low. (-10% MP) [potion of mutation]
  2038 | D:2      | Gained mutation: You are resistant to hostile enchantments. (MR+) [potion of mutation]
  2887 | D:3      | Noticed Sigmund
  2906 | D:3      | Killed Sigmund
  2906 | D:3      | Reached XP level 6. HP: 32/43 MP: 1/8
  3166 | D:3      | Reached skill level 5 in Unarmed Combat
  3327 | D:3      | Found a faded altar of an unknown god.
  3359 | D:3      | Reached XP level 7. HP: 42/48 MP: 9/9
  3830 | D:4      | Found a staircase to the Ecumenical Temple.
  3841 | Temple   | Entered the Ecumenical Temple
  3943 | Temple   | Became a worshipper of Warmaster Okawaru
  4065 | D:4      | Found a glowing silver altar of Zin.
  4550 | D:4      | Reached skill level 5 in Dodging
  4806 | D:4      | Reached XP level 8. HP: 54/54 MP: 6/9
  5028 | D:5      | Entered Level 5 of the Dungeon
  5312 | D:5      | Found an ornate altar of the Wu Jian Council.
  5312 | D:5      | Found a white marble altar of Elyvilon.
  5315 | D:5      | Found an ancient bone altar of Kikubaaqudgha.
  5315 | D:5      | Found a sparkling altar of Nemelex Xobeh.
  5315 | D:5      | Found a hazy altar of Hepliaklqana.
  5316 | D:5      | Found a snail-covered altar of Cheibriados.
  5337 | D:5      | Found a sacrificial altar of Ru.
  5354 | D:5      | Reached * piety under Okawaru
  5530 | D:6      | Found Ciamn's Jewellery Shop.
  5592 | D:6      | HP: 1/54 [wight/spear (5)]
  5592 | D:6      | Slain by a wight

Skill      XL: |  1  2  3  4  5  6  7  8 |
---------------+-------------------------+-----
Transmutations | 3 4 5 6 7 |  7.3
Unarmed Combat | 4 5 6 7 |  7.5
Poison Magic   | 1 2 3 |  3.1
Dodging        | 3 5 7 |  7.2
Fighting       | |  1.1
Spellcasting   | |  2.0

Action                   |  1- 3 |  4- 6 |  7- 9 || total
-------------------------+-------+-------+-------++-------
Melee: Unarmed           |    81 |   150 |   135 ||   366
       Headbutt          |    10 |     1 |       ||    11
Throw: Stone             |    68 |    20 |    12 ||   100
       Throwing net      |       |     2 |       ||     2
 Cast: Beastly Appendage |    17 |     1 |       ||    18
       Spider Form       |     4 |    26 |    17 ||    47
       Sticks to Snakes  |       |     2 |     3 ||     5
Invok: Heroism           |       |       |     1 ||     1
  Use: Potion            |       |     4 |     3 ||     7
       Scroll            |       |       |    10 ||    10
 Stab: Sleeping          |     1 |       |       ||     1
       Invisible         |       |     2 |       ||     2
  Eat: Chunk             |     2 |    11 |     9 ||    22
Armor: Robe              |    12 |     6 |     4 ||    22
       Skin              |       |     7 |     3 ||    10
Dodge: Dodged            |   102 |   182 |   146 ||   430
